 Dungeon Crawl Stone Soup version 0.24-a0-201-gf205589 (webtiles) character file.

Game seed: 13806227470526870933

42 Scuka the Skirmisher (level 3, -1/30 HPs)
             Began as a Barachi Fighter on Mar 23, 2019.
             Splashed by a brown very ugly thing's acid (6 damage)
             ... on level 1 of the Abyss.
             The game lasted 00:02:24 (1659 turns).

Scuka the Skirmisher (Barachi Fighter)              Turns: 1659, Time: 00:02:24

Health: -1/30      AC:  9    Str: 18    XL:     3   Next: 54%
Magic:  3/3        EV:  4    Int:  8    God:
Gold:   40         SH:  9    Dex: 11    Spells: 2/2 levels left

rFire    . . .     SeeInvis .   a - +0 long sword
rCold    . . .     Gourm    +   c - +0 shield
rNeg     . . .     Faith    .   r - +0 chain mail
rPois    .         Spirit   .   (no helmet)
rElec    .         Reflect  .   (no cloak)
rCorr    .         Harm     .   (no gloves)
MR       .....                  (no boots)
Stlth    ..........             g - amulet of the gourmand
HPRegen  0.10/turn              (no ring)
MPRegen  0.08/turn              (no ring)

@: slow
A: +LOS, swims, slowness 1, strong legs 1
a: Hop


You were on level 1 of the Abyss.
You were very full.

You visited 1 branch of the dungeon, and saw 2 of its levels.
You visited the Abyss 1 time.

You collected 40 gold pieces.

Inventory:

Hand Weapons
 a - a +0 long sword (weapon)
Armour
 c - a +0 shield (worn)
 r - a +0 chain mail (worn)
Jewellery
 g - an amulet of the gourmand (around neck)
 q - a +4 ring of evasion {unknown}
 s - an uncursed ring of resist corrosion {unknown}
Scrolls
 b - a scroll of enchant armour {unknown}
 h - a scroll of fog {unknown}
 j - 2 scrolls of amnesia {unknown}
 k - 5 scrolls of remove curse {unknown}
 l - 3 scrolls of identify {unknown}
 m - 2 scrolls of enchant weapon {unknown}
 t - a scroll of torment {unknown}
Potions
 d - a potion of might
 e - a potion of curing {unknown}
 i - a potion of brilliance {unknown}
 n - a potion of mutation {unknown}
 o - a potion of resistance {unknown}
 p - a potion of cancellation {unknown}
Comestibles
 f - 2 rations


   Skills:
 + Level 4.2 Fighting
 * Level 4.0 Long Blades
 - Level 3.6 Armour
 - Level 3.2 Shields


You had 2 spell levels left.
You didn't know any spells.
Your spell library was empty.

Dungeon Overview and Level Annotations

Branches:
Dungeon (2/15)

Altars:

Annotations:
D:2 Sigmund


Innate Abilities, Weirdness & Mutations

Shadows flee at your approach. (+LOS)
You can swim through water.
You cover ground slowly.
You can hop short distances.


Message History

A brown very ugly thing comes into view.
A brown very ugly thing comes into view.
The brown very ugly thing gurgles horribly!
A brown very ugly thing comes into view.
A brown ugly thing comes into view.
The brown very ugly thing basks in the mutagenic energy from its kin and changes!
Found 13 arrows.
The brown very ugly thing basks in the mutagenic energy from its kin and changes!
The red very ugly thing bites you.
You are covered in liquid flames.
You are covered in liquid flames!
You are covered in liquid flames!
The flames go out!
The red very ugly thing basks in the mutagenic energy from its kin and changes!
The red very ugly thing basks in the mutagenic energy from its kin and changes!
A wretched star comes into view.
The brown very ugly thing engulfs you!
Ouch! That really hurt!
* * * LOW HITPOINT WARNING * * *
You are splashed with acid.
You die...

## .. ## .#
#.# .#
##.#####'#
#...≈@≈*#
#.##..u≈#
#..♣⌠.≈#
###♣♣.≈#
#.u≈### #.
#.♣.≈#.##
...♣♣.≈#.'
..#.♣⌠.≈#.#
## ##
........≈#.
..##.


You could see 2 very ugly things and a wretched star.

Vanquished Creatures
  An ooze (D:1)
  A worm (D:2)
  A dart slug (D:2)
  2 leopard geckos
  A giant cockroach (D:1)
  8 goblins
  3 hobgoblins
  5 bats
  A frilled lizard (D:1)
  4 kobolds (D:2)
27 creatures vanquished.

Notes
Turn   | Place    | Note
-------+----------+-------------------------------------------
     0 | D:1      | Scuka the Barachi Fighter began the quest for the Orb.
     0 | D:1      | Reached XP level 1. HP: 18/18 MP: 1/1
    29 | D:1      | Reached XP level 2. HP: 25/25 MP: 2/2
   801 | D:2      | Reached XP level 3. HP: 30/30 MP: 3/3
   814 | D:2      | Noticed Sigmund
  1588 | D:2      | Cast into level 1 of the Abyss (Sigmund)
  1632 | Abyss:1  | Noticed a brown very ugly thing
  1633 | Abyss:1  | Noticed a brown very ugly thing
  1634 | Abyss:1  | Noticed a brown very ugly thing
  1634 | Abyss:1  | Noticed a brown ugly thing
  1655 | Abyss:1  | Noticed a wretched star
  1659 | Abyss:1  | Splashed by a brown very ugly thing's acid

Levels and vault maps discovered:
D:1:      dpeg_arrival_short_road, layout_basic, grunt_decor_cap,
          kennysheep_pointless_box
D:2:      layout_rooms, nicolae_overflow_hidden_temple, first_ration,
          serial_bayou_pond_e, uniq_sigmund
Abyss:1

Skill      XL: |  1  2  3 |
---------------+----------+-----
Long Blades    | 3 4 |  4.0
Fighting       | 4 |  4.2
Armour         | |  3.6
Shields        | |  3.2

Action                   || total
-------------------------++-------
Melee: Long sword        ||    95
 Abil: Hop               ||     1
  Eat: Chunk             ||    12
Armor: Scale mail        ||    43
       Chain mail        ||     1
Dodge: Dodged            ||    35
Block: Shield            ||    53
       Rpst.: Long sword ||    12

Table legend:
 A = Non-vault XP
 B = Vault XP
 C = Vault XP percentage of total XP
 D = Non-vault monster count
 E = Vault monster count
 F = Vault count percentage of total count
                 A         B        C        D         E       F
            +---------+---------+-------+---------+---------+-------
      Total |      60 |       0 |   0.0 |      27 |       0 |   0.0
            +---------+---------+-------+---------+---------+-------
        D:1 |      26 |       0 |   0.0 |      11 |       0 |   0.0
        D:2 |      34 |       0 |   0.0 |      16 |       0 |   0.0
            +---------+---------+-------+---------+---------+-------
